Description

Chargelot/Immortal/Archon 2 base timing attack with +1. Expand to 3rd base while you're pushing out to attack with your army after two base saturation. Feel free to stop at 44 probes while you're pushing out.

Build order pulled from a replay against my clan training instructor. This is his BO.

Replay - Austera v Sulkosaurus - Eternal Empire LE

Build Order

Get SALT Encoding   

  12  0:00  Probe  
  13  0:13  Probe  
  14  0:17  Pylon  
  14  0:25  Probe (Chrono Boost)  
  16  0:37  Probe (Chrono Boost)  
  16  0:38  Gateway  
  16  0:43  Probe (Chrono Boost)  
  16  0:47  Assimilator  
  17  0:55  Probe (Chrono Boost), Assimilator  
  18  1:07  Probe (Chrono Boost)  
  18  1:10  Gateway  
  19  1:14  Probe (Chrono Boost)  
  20  1:22  Probe  
  21  1:25  Cybernetics Core  
  21  1:34  Probe  
  21  1:37  Pylon  
  24  2:04  Stalker  
  24  2:05  Sentry  
  28  2:08  Warp Gate  
  28  2:26  Nexus  
  28  2:31  Pylon  
  29  2:45  Robotics Facility  
  29  2:54  Sentry  
  32  2:59  Stalker  
  35  3:11  Forge  
  35  3:20  Sentry  
  37  3:29  Stalker  
  39  3:38  Observer  
  39  3:39  Pylon  
  44  3:51  Protoss Ground Weapons Level 1 (Chrono Boost)  
  48  4:13  Immortal  
  48  4:15  Assimilator x2  
  54  4:31  Twilight Council  
  55  4:37  Pylon  
  56  4:40  Observer  
  58  4:55  Immortal  
  63  5:04  Charge (Chrono Boost)  
  67  5:22  Templar Archives  
  67  5:28  Gateway x2  
  67  5:34  Gateway  
  67  5:40  Warp Prism  
  69  5:45  Gateway  
  69  5:56  Gateway x2  
  69  6:05  Gateway  
  69  6:08  High Templar x2  
  73  6:13  Archon  
  73  6:43  Zealot x6  
  85  6:59  High Templar x2  
  85  7:00  Zealot x2  
  91  7:02  Archon  
  91  7:04  High Templar x2  
  91  7:06  Zealot x2  
  101  7:08  Archon  
Spawning Tool Build Advisor. Get it on Overwolf

Go to:

Details

  • Created by: sulkosaurus
  • Published on: Apr 20, 2020
  • Modified on: Apr 20, 2020
  • Patch: 4.11.0
Show
View Real Time Build Order
Export as new Build Order

Comments (1)

On April 25, 2020, 1:34 p.m., Radren  said:

Что это за кривой перевод? Деформационный Затвор, что это такое вообще?

Create an account to comment!